Map: Habitation Station LE (Void)

Players

Musumeci

  • Race: Zerg Zerg
  • League: Diamond
  • Spawn Location: 1:00

FunkyDragon - Winner!

  • Race: Terran Terran
  • League: Diamond
  • Spawn Location: 11:00

VOD

Have the link to the VOD?

Description

Time

  • Played on: Jan. 6, 2017, 9:13 a.m.
  • Length: 29:41
Show
View Real Time Build Order
Export as new Build Order

Musumeci Zerg 

Build Orders: Hatch First 

Get SALT Encoding   

  12  0:01  Drone  
  13  0:08  Drone  
  14  0:14  Extractor  
  14  0:16  Drone  
  15  0:40  Hatchery  
  14  0:52  Drone, Extractor  
  15  1:07  Spawning Pool  
  15  1:09  Drone, Extractor  
  15  1:11  Extractor  
  13  1:16  Drone  
  16  1:26  Overlord  
  16  1:45  Drone x3  
  19  1:51  Drone  
  19  1:53  Queen  
  22  1:57  Queen  
  24  2:02  Drone  
  24  2:08  Overlord  
  25  2:11  Drone  
  26  2:19  Drone x2  
  28  2:30  Queen  
  28  2:32  Overlord  
  29  2:46  Drone x4  
  29  2:50  Queen  
  35  2:55  Drone  
  35  3:09  Drone x7  
  42  3:13  Overlord  
  42  3:28  Extractor  
  42  3:29  Extractor  
  40  3:39  Drone, Roach Warren  
  40  3:40  Drone x2  
  42  4:01  Hatchery  
  41  4:13  Drone  
  41  4:15  Drone  
  41  4:16  Drone x3  
  46  4:19  Drone x2  
  46  4:21  Roach x2, Evolution Chamber  
  46  4:22  Evolution Chamber, Overlord  
  50  4:25  Overlord  
  50  4:31  Overlord x2  
  50  4:45  Drone x4  
  54  4:47  Roach x3  
  54  4:52  Spore Crawler  
  59  4:54  Spore Crawler  
  59  4:55  Spore Crawler  
  59  4:57  Spore Crawler  
  59  4:58  Lair  
  56  5:00  Drone x3, Extractor  
  56  5:03  Drone  
  56  5:04  Extractor  
  58  5:11  Roach  
  60  5:23  Drone  
  60  5:24  Drone x2  
  63  5:30  Roach  
  63  5:31  Roach x5  
  75  5:45  Overlord x2  
  75  5:56  Roach x3  
  81  5:58  Glial Reconstitution  
  81  6:00  Zerg Missile Weapons Level 1  
  81  6:03  Drone  
  81  6:04  Drone x8  
  87  6:05  Drone  
  87  6:07  Drone  
  87  6:08  Ravager  
  87  6:09  Ravager  
  94  6:11  Ravager  
  95  6:19  Extractor  
  95  6:21  Extractor  
  93  6:34  Overseer  
  93  6:36  Overlord  
  93  6:37  Overlord  
  93  6:38  Overlord  
  93  6:59  Drone x3  
  93  7:00  Drone x3  
  99  7:01  Drone x2  
  99  7:02  Drone x6  
  107  7:13  Ravager x3  
  110  7:15  Zerg Ground Armor Level 1  
  110  7:25  Roach x6  
  110  7:26  Overlord x6  
  122  7:34  Hatchery  
  121  7:42  Ravager  
  122  7:45  Roach x6  
  122  7:47  Ravager x5  
  139  7:51  Ravager  
  140  8:09  Roach x11  
  162  8:17  Overlord x3  
  162  8:35  Zerg Missile Weapons Level 2  
  162  8:38  Burrow, Tunneling Claws  
  162  8:44  Extractor  
  162  8:46  Extractor  
  160  9:06  Drone x2  
  160  9:08  Drone x3  
  160  9:09  Drone x3  
  168  9:14  Ravager x2  
  168  9:15  Ravager x2  
  168  9:16  Overlord x6  
  172  9:21  Zerg Ground Armor Level 2  
  172  9:40  Infestation Pit  
  169  10:10  Roach x13  
  169  10:11  Roach x8  
  193  11:04  Ravager x8  
  193  11:06  Hive  
  193  11:09  Spire  
  184  11:16  Roach x5  
  156  12:08  Extractor  
  156  12:09  Hatchery, Extractor  
  156  12:11  Drone x3  
  156  12:12  Drone x2  
  156  12:13  Drone  
  159  12:23  Hatchery  
  159  12:28  Hatchery, Corruptor x9  
  176  12:34  Corruptor x4  
  176  12:36  Extractor  
  183  12:37  Extractor  
  183  12:38  Hatchery  
  181  12:45  Extractor  
  174  12:51  Extractor  
  154  13:17  Queen  
  154  13:18  Roach Warren  
  155  13:25  Spire  
  151  13:32  Spire  
  143  13:47  Drone x3  
  147  13:48  Drone  
  147  13:49  Drone x2  
  149  14:07  Roach x8  
  165  14:11  Ravager x7  
  165  14:16  Roach x3  
  173  14:44  Greater Spire  
  173  14:45  Corruptor x9  
  181  14:56  Roach  
  181  14:57  Roach x2  
  175  15:29  Drone  
  175  15:30  Drone x9  
  175  15:31  Drone x6  
  191  15:36  Corruptor  
  191  15:37  Corruptor x2  
  197  15:48  Spore Crawler x4  
  197  15:49  Pathogen Glands, Spore Crawler  
  187  15:50  Spore Crawler  
  187  15:51  Spore Crawler x2  
  150  16:09  Brood Lord x3  
  150  16:10  Brood Lord x12  
  156  16:12  Roach x18  
  156  16:13  Roach  
  172  16:47  Overlord x9  
  134  17:05  Spore Crawler x2  
  134  17:07  Spore Crawler  
  134  17:08  Spore Crawler  
  130  17:10  Queen  
  127  17:25  Spawning Pool  
  126  17:42  Overlord x2  
  126  17:43  Overlord x4  
  89  18:37  Overlord x6  
  89  18:38  Overlord x4  
  65  19:07  Roach Warren  
  60  19:28  Roach Warren  
  57  20:08  Roach x20  
  97  20:33  Hatchery  
  84  20:50  Ravager x12  
  84  20:51  Ravager x2  
  98  21:00  Roach x6  
  43  21:26  Roach x8  
  43  21:32  Ravager x4  
  63  21:37  Ravager  
  63  21:38  Ravager  
  65  21:43  Drone x4  
  65  21:44  Drone  
  70  21:59  Roach  
  70  22:01  Roach  
  70  22:06  Roach x6  
  82  22:14  Roach x3  
  76  22:31  Ravager  
  76  22:32  Ravager  
  78  22:47  Ravager x5  
  78  22:48  Ravager x6  
  89  23:13  Evolution Chamber x2  
  87  23:27  Roach x9  
  92  23:29  Roach x4  
  92  23:30  Roach  
  104  24:00  Roach x13  
  57  24:10  Roach x4  
  57  24:11  Roach x7  
  79  24:21  Ravager x11  
  60  25:19  Roach  
  60  25:20  Roach x5  
  63  25:38  Hatchery  
  53  25:43  Roach x7  
  67  25:53  Drone x4  
  67  25:55  Drone x6  
  77  26:02  Ravager x2  
  77  26:03  Ravager x2  
  77  26:35  Roach x5  
  77  26:36  Roach x7  
  99  26:58  Roach x4  
  97  27:04  Hatchery  
  93  27:29  Drone x2  
  95  27:34  Hatchery  
  95  27:36  Extractor  
  93  27:57  Ravager x3  
  89  28:07  Roach  
  89  28:08  Roach  
  90  28:24  Ravager  
  90  28:26  Drone x3  
  91  28:27  Drone x3  
  51  29:12  Drone x2  
Show
View Real Time Build Order
Export as new Build Order

FunkyDragon Terran - Winner!

Build Orders: Reaper Expand, Bio Tank 

Get SALT Encoding   

  12  0:00  SCV  
  13  0:13  SCV  
  14  0:17  Supply Depot  
  14  0:25  SCV  
  15  0:39  SCV  
  15  0:40  Barracks  
  16  0:44  Refinery  
  16  0:51  SCV  
  17  1:03  SCV  
  18  1:15  SCV  
  19  1:28  Orbital Command, Reaper  
  20  1:45  Command Center  
  20  1:53  SCV  
  21  1:59  Supply Depot  
  21  2:01  Barracks Reactor  
  21  2:05  SCV  
  22  2:16  Barracks  
  22  2:30  SCV  
  23  2:46  SCV  
  23  2:47  Marine x2  
  23  2:51  Refinery  
  26  2:59  SCV  
  26  3:03  Factory  
  26  3:04  Marine x2  
  26  3:05  Barracks Tech Lab  
  29  3:11  SCV  
  30  3:22  Orbital Command, Marine x2  
  30  3:23  Marine  
  30  3:26  Stimpack  
  32  3:29  SCV  
  33  3:36  Supply Depot  
  33  3:40  Marine  
  33  3:41  SCV, Marine x2  
  35  3:47  Supply Depot  
  37  3:54  SCV  
  37  3:55  SCV  
  39  3:57  Factory Tech Lab  
  39  3:59  Starport  
  39  4:07  SCV  
  40  4:12  SCV  
  41  4:18  Engineering Bay  
  41  4:19  SCV  
  41  4:20  Armory  
  42  4:24  SCV  
  43  4:33  Siege Tank  
  43  4:34  SCV  
  43  4:36  Refinery  
  43  4:38  Refinery  
  47  4:39  Starport Reactor  
  47  4:44  SCV  
  48  4:46  SCV  
  48  4:49  Marine x2  
  48  4:50  Marine  
  52  4:55  Supply Depot  
  52  4:56  SCV  
  53  5:00  SCV  
  54  5:09  Terran Vehicle Weapons Level 1  
  54  5:16  SCV x2, Siege Tank  
  54  5:20  Supply Depot  
  54  5:21  Supply Depot  
  59  5:26  Combat Shields  
  59  5:28  SCV x2  
  59  5:31  Terran Infantry Weapons Level 1  
  61  5:41  SCV  
  61  5:42  SCV, Medivac  
  65  5:49  Marine x2  
  67  5:50  Siege Tank  
  67  5:53  SCV  
  67  5:54  SCV  
  72  6:03  Medivac  
  74  6:06  Supply Depot  
  74  6:07  Supply Depot  
  74  6:12  Viking, Command Center  
  74  6:17  SCV  
  77  6:27  Siege Tank  
  77  6:29  SCV  
  81  6:34  Barracks  
  81  6:35  Barracks  
  81  6:41  SCV  
  81  6:54  Marine  
  81  6:55  Marauder, Marine  
  81  7:00  Siege Tank  
  88  7:02  Supply Depot x2  
  88  7:04  Unknown  
  88  7:12  Marine x2  
  90  7:16  Marine  
  90  7:19  Terran Vehicle Weapons Level 2  
  91  7:23  Barracks Reactor, Barracks Tech Lab  
  91  7:25  Terran Infantry Weapons Level 2  
  91  7:28  Supply Depot  
  91  7:30  Marine  
  91  7:34  Siege Tank  
  91  7:36  Medivac  
  97  7:50  Marine  
  98  7:52  Marauder, Marine  
  98  7:54  Concussive Shells  
  101  8:03  Marine x2  
  103  8:06  Siege Tank  
  103  8:10  Unknown  
  71  8:20  Medivac x2  
  106  8:21  Orbital Command  
  110  8:38  Siege Tank  
  113  8:45  Missile Turret  
  113  8:46  Missile Turret  
  113  8:47  Marauder x2, Marine x2  
  120  8:48  SCV x2  
  120  8:49  Medivac  
  120  8:52  Missile Turret  
  122  8:58  Marine  
  122  8:59  Marine  
  124  9:05  Barracks, Marine  
  124  9:06  Barracks  
  124  9:07  Supply Depot  
  124  9:08  Marauder  
  127  9:10  Barracks  
  127  9:17  Marine x2  
  127  9:18  Marauder  
  127  9:19  Refinery  
  127  9:20  Refinery, Marine  
  127  9:22  Marine  
  133  9:27  Supply Depot  
  133  9:28  Siege Tank, Supply Depot  
  133  9:29  Marine  
  133  9:30  Supply Depot  
  137  9:32  Supply Depot  
  137  9:33  Supply Depot  
  137  9:40  Terran Vehicle Weapons Level 3  
  137  9:42  Marine x3  
  139  9:57  Starport  
  139  10:06  SCV x2  
  139  10:07  SCV  
  142  10:16  Barracks Reactor  
  142  10:17  Barracks Reactor x2  
  142  10:18  SCV  
  142  10:20  Armory, Engineering Bay  
  143  10:21  Terran Infantry Weapons Level 3  
  143  10:25  Viking x2  
  147  10:30  Supply Depot  
  143  10:52  SCV x2  
  145  11:04  Viking x2  
  145  11:06  Starport Reactor  
  149  11:16  SCV x2  
  151  11:22  Command Center  
  144  11:43  Terran Infantry Armor Level 1  
  144  11:44  Terran Ship Weapons Level 1  
  143  11:50  Viking x4  
  143  11:52  Siege Tank  
  143  11:53  Marauder x2, Marine x4  
  162  12:04  SCV  
  163  12:26  Siege Tank  
  147  13:01  Marauder x2, Marine  
  147  13:04  Marine x3  
  142  13:22  Marauder x2  
  142  13:24  Viking x4  
  142  13:25  Marine  
  142  13:26  Marine  
  153  13:30  Marine  
  153  13:31  Marine  
  147  13:36  Terran Vehicle And Ship Armor Level 1  
  147  13:40  Marine x2  
  145  13:43  Marauder  
  145  13:44  Marauder  
  149  13:50  Marine x8  
  149  13:52  Sensor Tower  
  149  13:53  Viking  
  159  13:58  Marine x2  
  161  14:05  Marauder x2  
  161  14:07  Marine  
  161  14:08  Marine x7  
  173  14:16  Marine x2  
  175  14:17  Viking  
  175  14:18  Viking  
  175  14:20  Viking  
  175  14:23  Viking  
  183  14:24  Planetary Fortress  
  183  14:25  Marine  
  183  14:26  Marauder x2, Marine x3  
  183  14:27  Refinery  
  183  14:28  Refinery  
  191  14:33  Marine x3  
  193  14:48  Viking, Marauder x2  
  199  14:59  Barracks Reactor  
  199  15:00  Barracks Reactor  
  199  15:25  Marine  
  200  15:36  Missile Turret  
  179  16:10  Marauder, Marine x6  
  179  16:11  Marine x3  
  183  16:26  Marine  
  183  16:27  Marauder  
  183  16:31  Marauder  
  188  16:33  Marine  
  185  16:43  Marine x6  
  185  16:44  Marine x3  
  185  16:45  Viking x3  
  187  16:48  Marauder  
  187  16:51  Marine  
  187  16:53  Marauder  
  176  17:01  Marine  
  175  17:09  Marauder  
  175  17:14  Marauder  
  175  17:15  Viking x3  
  185  17:19  Marine x6  
  185  17:20  Marine  
  190  17:31  Marauder  
  190  17:36  Marauder  
  194  17:45  Viking x2, Medivac  
  198  18:15  Medivac  
  192  18:25  Marine  
  192  18:26  Marauder x2, Viking, Marine  
  156  18:27  Viking  
  173  18:45  Viking  
  173  18:47  Marauder  
  158  18:57  Marine x3  
  158  18:58  Marine x8  
  150  19:05  Viking x2  
  150  19:08  Marine  
  142  19:15  Marine x5  
  130  19:25  Marine x5  
  130  19:26  Marine x2  
  137  19:32  Marine  
  137  19:33  Marine x4  
  142  19:40  Orbital Command, Starport  
  142  19:41  Starport  
  142  20:21  Orbital Command  
  142  20:32  Starport Tech Lab x2  
  141  20:36  Starport  
  141  20:37  Starport  
  141  20:41  Orbital Command  
  140  20:49  Starport  
  130  20:52  Starport  
  130  20:55  Starport  
  102  21:18  Marine  
  102  21:19  Marine x7  
  107  21:31  Starport Tech Lab x2  
  107  21:33  Starport Tech Lab x2  
  107  21:34  Starport Tech Lab  
  107  21:39  Starport  
  107  21:41  Starport  
  103  21:59  Fusion Core  
  63  22:29  Starport Tech Lab x2  
  63  22:39  Refinery, Missile Turret  
  62  22:48  Battlecruiser x5  
  62  22:49  Battlecruiser x2  
  62  22:50  Weapon Refit  
  116  23:20  Marine x7  
  116  23:21  Marine x2  
  125  23:37  Refinery  
  109  24:05  Starport Tech Lab  
  109  24:13  Starport Tech Lab  
  109  24:14  Starport Tech Lab  
  109  24:17  Battlecruiser  
  109  24:18  Starport Tech Lab  
  109  24:20  Terran Vehicle And Ship Armor Level 2  
  109  24:21  Terran Ship Weapons Level 2  
  107  24:50  Battlecruiser x2  
  107  24:51  Battlecruiser x2  
  114  25:19  Marine x3  
  114  25:20  Marine x9  
  126  25:37  Marine x7  
  126  25:38  Marine x5  
  138  25:54  Marine  
  138  25:55  Marine x11  
  150  26:04  Battlecruiser x2  
  162  26:12  Marine  
  162  26:13  Marine  
  153  26:51  Battlecruiser  
  153  26:52  Battlecruiser  
  164  26:56  Refinery  
  158  27:13  Marine x5  
  158  27:14  Marine x2  
  165  27:19  Battlecruiser  
  166  27:59  Battlecruiser  
  163  28:43  Marine x3  
Tags
 
Add a new tag
Caveats
  • Supply blocks, unpowered buildings, or Contaminate may cause inaccurate times.
  • Supply counts are checked every 10 seconds.